 Dungeon Crawl Stone Soup version 0.31-a0-986-g5e6e4ef867 (webtiles) character file.

Game seed: 1166306362394803703

287 schwank the Chopper (level 6, -4/38 HPs)
             Began as a Gargoyle Fighter on Nov 5, 2023.
             Slain by a wyvern (6 damage)
             ... on level 4 of the Dungeon.
             The game lasted 00:05:27 (2528 turns).

schwank the Chopper (Gargoyle Fighter)              Turns: 2528, Time: 00:05:28

Health: -4/38      AC: 17    Str: 21    XL:     6   Next: 30%
Magic:  6/6        EV:  9    Int:  9    God:
Gold:   211        SH:  4    Dex:  9    Spells: 5/5 levels left

rFire   . . .        a - +0 war axe
rCold   + . .        c - +0 buckler
rNeg    + . .        b - +0 scale mail
rPois   ∞            p - +0 helmet
rElec   +            n - +2 cloak
rCorr   .            (no gloves)
SInv    .            f - +0 pair of boots
Will    +....        d - amulet of the acrobat Stlth
                     g - ring of willpower
HPRegen 0.26/turn    u - ring of protection from cold
MPRegen 0.10/turn

%: acrobat
@: no status effects
A: sickness immunity, AC +4, negative energy resistance 1, electricity
resistance, torment resistance 1, petrification resistance
a: no special abilities


You were on level 4 of the Dungeon.
You visited 1 branch of the dungeon, and saw 4 of its levels.

You collected 211 gold pieces.

Inventory:

Hand Weapons
 a - a +0 war axe (weapon)
Armour
 b - a +0 scale mail (worn)
 c - a +0 buckler (worn)
 f - a +0 pair of boots (worn)
 n - a +2 cloak (worn)
 p - a +0 helmet (worn)
Jewellery
 d - an amulet of the acrobat (around neck)
 g - a ring of willpower (left hand)
 u - a ring of protection from cold (right hand)
Wands
 z - a wand of charming (7)
Scrolls
 e - a scroll of noise {unknown}
 i - 2 scrolls of teleportation {unknown}
 o - a scroll of blinking {unknown}
 r - a scroll of vulnerability {unknown}
 s - 6 scrolls of identify {unknown}
 t - a scroll of brand weapon {unknown}
 v - a scroll of fear {unknown}
 w - 2 scrolls of torment {unknown}
 y - a scroll of enchant weapon {unknown}
Potions
 h - 3 potions of degeneration {unknown}
 j - a potion of curing {unknown}
 k - a potion of berserk rage {unknown}
 l - a potion of haste {unknown}
 m - 2 potions of cancellation {unknown}
 q - 2 potions of brilliance {unknown}
 x - a potion of heal wounds {unknown}


   Skills:
 + Level 4.0 Fighting
 * Level 4.8 Axes
 + Level 4.2 Armour
 + Level 1.1 Dodging
 + Level 0.1 Stealth
 - Level 3.2 Shields


You had 5 spell levels left.
You didn't know any spells.
Your spell library contained the following spells:

 Spells                   Type           Power      Damage    Failure   Level
 Apportation              Tloc           0%         N/A       78%         1
 Magic Dart               Conj           0%         1d3       78%         1
 Necrotise                Necr           0%         1d4       78%         1
 Summon Small Mammal      Summ           0%         N/A       78%         1
 Call Imp                 Summ           0%         N/A       89%         2
 Dazzling Flash           Conj/Hex       0%         N/A       98%         3
 Hailstorm                Conj/Ice       0%         3d3       98%         3
 Mephitic Cloud           Conj/Pois/Air  0%         N/A       98%         3
 Summon Ice Beast         Ice/Summ       0%         N/A       100%        4
 Agony                    Necr           0%         N/A       100%        5
 Silence                  Hex/Air        0%         N/A       100%        5
 Simulacrum               Ice/Necr       0%         N/A       100%        6


Dungeon Overview and Level Annotations

Branches:
Dungeon (4/15)
 Temple: D:4-7

Altars:
Ashenzari
Elyvilon


Innate Abilities, Weirdness & Mutations

You are immune to sickness and miasma.
Your stone body is resilient. (AC +4)
You are immune to poison.
You resist negative energy. (rN+)
You are resistant to electric shocks. (rElec)
You are resistant to unholy torment.
You are immune to petrification.


Message History

The wyvern is lightly wounded.
You hit the gnoll. The wyvern bites you!
The wyvern bites you but does no damage.
The gnoll closely misses you.
You hit the wyvern.
The wyvern is lightly wounded.
You slash the gnoll!
You kill the gnoll!
You block the wyvern's attack. The wyvern closely misses you.
The gnoll barely misses you.
You slash the wyvern!
The wyvern is severely wounded.
You hit the gnoll but do no damage. The wyvern bites you!
The wyvern barely misses you. You block the gnoll's attack.
The gnoll hits you but does no damage.
You closely miss the wyvern.
The wyvern is severely wounded.
You hit the gnoll. You block the wyvern's attack.
The gnoll hits you but does no damage. x2
The wyvern bites you but does no damage.
You closely miss the wyvern.
The wyvern is severely wounded.
You barely miss the gnoll. The wyvern misses you.
The gnoll hits you but does no damage. x2; The wyvern bites you!
* * * LOW HITPOINT WARNING * * *
You barely miss the wyvern.
The wyvern is severely wounded.
You hit the gnoll but do no damage. The gnoll barely misses you.
The gnoll misses you.
The wyvern bites you but does no damage.
The wyvern attacks as it pursues you! The wyvern barely misses you.
The gnoll attacks as it pursues you! You block the gnoll's attack.
The wyvern completely misses you.
You see here 10 gold pieces.
You closely miss the wyvern.
The wyvern is severely wounded.
The gnoll closely misses you. The wyvern bites you!
* * * LOW HITPOINT WARNING * * *
The wyvern bites you.
You die...

#..
##.......⌠.##+)#.⌠#....
##.....#..............
##.###.#.......#####.
#.# .#.......#...#. #.#
.+..._...'...'. #.#
#.......#...#.
#.#####.......#####.
#....#..............
###@.#⌠..#+#..⌠#....
##l##.# .####....
#..)g..# ..#.......
#.......# ..#.......
#........# #.......
#........... ..#...><
#............ .##.....
#.............. ##....
..............# ####.


You could see a wyvern and a gnoll.

Vanquished Creatures
  Sigmund (D:3)
  Terence (D:3)
  2 gnolls (D:4)
  2 adders
  A worm (D:2)
  A dart slug (D:1)
  3 orcs (D:3)
  3 bats
  6 endoplasms
  A giant cockroach (D:3)
  7 goblins
  7 hobgoblins
  2 jackals (D:2)
  4 quokkas
  9 ball pythons
  6 frilled lizards
  4 kobolds
  6 rats
66 creatures vanquished.

Notes
Turn   | Place    | Note
-------+----------+-------------------------------------------
     0 | D:1      | schwank the Gargoyle Fighter began the quest for the Orb.
     0 | D:1      | Reached XP level 1. HP: 14/14 MP: 1/1
   126 | D:1      | Reached XP level 2. HP: 19/19 MP: 2/2
   171 | D:1      | Found a faded altar of an unknown god.
   829 | D:2      | Reached XP level 3. HP: 23/23 MP: 3/3
  1561 | D:3      | Reached XP level 4. HP: 28/28 MP: 4/4
  1642 | D:3      | Noticed Sigmund
  1650 | D:3      | Killed Sigmund
  1651 | D:3      | Reached skill level 1 in Dodging
  1651 | D:3      | Reached XP level 5. HP: 25/33 MP: 5/5
  1771 | D:3      | Noticed Terence
  1778 | D:3      | Killed Terence
  1779 | D:3      | Reached XP level 6. HP: 25/38 MP: 6/6
  1866 | D:3      | Found a white marble altar of Elyvilon.
  2456 | D:4      | Found a broken altar of Ashenzari.
  2516 | D:4      | Noticed a wyvern
  2528 | D:4      | Slain by a wyvern

Illustrated notes

Levels and vault maps discovered:
D:1:      spicycebolla_arrival_clurvy, layout_basic,
          hellmonk_ecumenical_altar_arch_garden
D:2:      minmay_general_purpose_star, layout_loops_ring
D:3:      layout_basic, marbit_many_paths, minmay_misc_feat_square,
          dk_noncrumbling_4, uniq_terence, uniq_sigmund
D:4:      layout_cave_pods, evilmike_ruin_ashenzari, zin_academy

Skill      XL: |  1  2  3  4  5  6 |
---------------+-------------------+-----
Axes           | 2 3 4 |  4.8
Armour         | 4 |  4.2
Dodging        | 1 |  1.1
Fighting       | 4 |  4.0
Stealth        | |  0.1
Shields        | |  3.2

Action                     |  1- 3 |  4- 6 || total
---------------------------+-------+-------++-------
  Melee: War axe           |   106 |    87 ||   193
    Use: Potion            |       |     2 ||     2
 Armour: Scale mail        |    67 |    75 ||   142
  Dodge: Dodged            |    41 |    48 ||    89
  Block: Buckler           |    33 |    21 ||    54

Table legend: (Time is in decaauts)
 A = Elapsed time spent in this place.
 B = Non-inter-level travel time spent in this place.
 C = Inter-level travel time spent in this place.
 D = Time resting spent in this place.
 E = Time spent auto-exploring this place.
 F = Levels seen in this place.
 G = Mean time per level.
                   A        B        C        D        E       F      G
               +--------+--------+--------+--------+--------+-----+--------+
         Total |   2596 |   2508 |     88 |     90 |   1693 |   4 |  649.0 |
       Dungeon |   2596 |   2508 |     88 |     90 |   1693 |   4 |  649.0 |
               +--------+--------+--------+--------+--------+-----+--------+

Top non-repeatable levels by time:
     D:3: 958 daAuts
     D:1: 764 daAuts
     D:2: 757 daAuts
     D:4: 115 daAuts
